 Dungeon Crawl Stone Soup version 0.24.0-123-gd5b16e6ec5 (webtiles) character file.

Game seed: 15589462866230231512, levelgen mode: deterministic

855 FishyPogo the Charmwright (level 8, -8/63 HPs)
             Began as a Gnoll Skald on Dec 23, 2019.
             Was a Follower of Nemelex Xobeh.
             Mangled by an orc warrior
             ... wielding a +0 flail
              (15 damage)
             ... on level 5 of the Dungeon.
             The game lasted 00:09:33 (4370 turns).

FishyPogo the Charmwright (Gnoll Skald)             Turns: 4370, Time: 00:09:34

Health: -8/63      AC:  3    Str: 15    XL:     8   Next: 1%
Magic:  0/16       EV: 15    Int: 15    God:    Nemelex Xobeh [*.....]
Gold:   197        SH:  5    Dex: 16    Spells: 7/18 levels left

rFire    . . .     SeeInvis .   t - +0 falchion (curse)
rCold    . . .     Gourm    .   u - +0 buckler
rNeg     . . .     Faith    .   b - +0 leather armour
rPois    .         Spirit   +   (no helmet)
rElec    .         Reflect  .   o - scarf {Spirit}
rCorr    .         Harm     .   (no gloves)
MR       .....                  (no boots)
Stlth    ++........             (no amulet)
HPRegen  0.20/turn              (no ring)
MPRegen  0.15/turn              (no ring)

@: shrouded
A: distributed training, fangs 1, strong nose
a: Draw Escape, Draw Destruction, Draw Summoning, Renounce Religion


You were on level 5 of the Dungeon.
You worshipped Nemelex Xobeh.
Nemelex Xobeh was aware of your devotion.
You were hungry.

You visited 1 branch of the dungeon, and saw 6 of its levels.

You collected 197 gold pieces.

Inventory:

Hand Weapons
 a - a +0 falchion
 t - a cursed +0 falchion (weapon)
Missiles
 c - 74 sling bullets
 g - 129 stones (quivered)
 v - 19 poisoned darts
Armour
 b - a +0 leather armour (worn)
 o - a scarf of spirit shield (worn)
 u - a +0 buckler (worn)
Jewellery
 p - a cursed -5 ring of slaying
Wands
 m - a wand of polymorph (8)
 s - a wand of acid (12)
Scrolls
 e - 6 scrolls of identify {unknown}
 h - a scroll of remove curse {unknown}
 j - 2 scrolls of blinking {unknown}
 k - a scroll of magic mapping {unknown}
 n - 2 scrolls of enchant armour {unknown}
 q - 3 scrolls of teleportation {unknown}
Potions
 i - a potion of berserk rage {unknown}
 l - a potion of magic {unknown}
 r - a potion of curing {unknown}
 w - a potion of haste {unknown}
 x - a potion of might {unknown}
Comestibles
 d - 13 rations
 f - 3 chunks of flesh


   Skills:
 + Level 5.4 Fighting
 + Level 2.8 Short Blades
 + Level 5.4 Long Blades
 + Level 2.8 Axes
 + Level 2.8 Maces & Flails
 + Level 2.8 Polearms
 + Level 2.8 Staves
 + Level 2.8 Slings
 + Level 2.8 Bows
 + Level 2.8 Crossbows
 + Level 2.8 Throwing
 + Level 3.8 Armour
 + Level 5.4 Dodging
 + Level 2.8 Stealth
 + Level 2.8 Shields
 + Level 2.8 Unarmed Combat
 + Level 5.8 Spellcasting
 + Level 2.2 Conjurations
 + Level 2.2 Hexes
 + Level 5.9 Charms
 + Level 2.2 Summonings
 + Level 2.2 Necromancy
 + Level 2.2 Translocations
 + Level 2.2 Transmutations
 + Level 2.2 Fire Magic
 + Level 2.2 Ice Magic
 + Level 2.2 Air Magic
 + Level 2.2 Earth Magic
 + Level 2.2 Poison Magic
 + Level 3.1 Invocations
 + Level 2.8 Evocations


You had 7 spell levels left.
You knew the following spells:

 Your Spells              Type           Power        Failure   Level  Hunger
h - Regeneration          Chrm/Necr      ###.......   12%         3    ###....
n - Spectral Weapon       Hex/Chrm       ###.....     12%         3    ###....
p - Shroud of Golubria    Chrm/Tloc      ###...       6%          2    #......
u - Song of Slaying       Chrm           ###.....     2%          2    #......
y - Infusion              Chrm           ###.         1%          1    None

Your spell library contained the following spells:

 Spells                   Type           Power        Failure   Level  Hunger


Dungeon Overview and Level Annotations

Branches:
Dungeon (6/15)
 Temple: D:4-7

Altars:
Nemelex Xobeh
Zin

Annotations:
D:3 1 runed translucent door, yafkata's ghost, amateur MiBe


Innate Abilities, Weirdness & Mutations

Your experience applies equally to all skills.
You have very sharp teeth.
Your uncanny sense of smell can sniff out nearby items.


Message History

The orc warrior hits you with a +0 flail!
* * * LOW HITPOINT WARNING * * *
You barely miss the orc warrior.
The orc warrior is severely wounded.
Your spectral weapon closely misses the orc warrior.
You hit the orc warrior.
The orc warrior is severely wounded.
Your spectral weapon hits the orc warrior but does no damage.
The orc warrior hits you with a +0 flail!
* * * LOW HITPOINT WARNING * * *
You hit the orc warrior but do no damage.
The orc warrior is severely wounded.
Your spectral weapon hits the orc warrior.
Your shroud bends the orc warrior's attack away.
You barely miss the orc warrior.
The orc warrior is almost dead.
Your spectral weapon completely misses the orc warrior.
The orc warrior hits you with a +0 flail!
You die...
Your body disappears without a glow.

#.## #...........###........
...##### ####..###..## #........
#....#.# #.## ##.## ##.......
#......#### ##.# #...####.8.8.8.
##.###..#.###..## ##...##........
##'#######......## ##.###....8...
≈≈.≈≈≈≈≈≈#.......####............
........≈#......[(.#.......#.#...
..≈.....≈#...#..@o........###....
..≈.....≈#...#.[............##...
..≈..≈..≈#...#..............#####
..≈..≈..≈#...................###.
≈≈⌠≈≈≈...'.......................
..≈..≈..≈#..........#..#.........
..≈..≈..≈##..#..######.##........
..≈.....≈##.##...###...##........
..≈.....≈#.##....................


You could see an orc warrior and a friendly spectral +0 falchion.

Vanquished Creatures
  Grinder (D:6)
  Sigmund (D:4)
  A phantom (D:5)
  A scorpion (D:5)
  A killer bee (D:5)
  A hound (D:5)
  An orc wizard (D:3)
  Jessica (D:2)
  3 worker ants
  A gnoll (D:5)
  6 adders
  A shadow imp (D:5)
  2 oozes (D:3)
  2 worms
  2 dart slugs
  3 leopard geckos
  8 orcs
  4 giant cockroaches
  10 goblins
  5 hobgoblins
  4 jackals (D:5)
  2 quokkas
  A ball python (D:3)
  8 bats
  5 frilled lizards
  6 kobolds
  A quokka skeleton (D:4)
  A quokka zombie (D:5)
  6 rats
89 creatures vanquished.

Vanquished Creatures (others)
  An orc wizard (D:3)
1 creature vanquished.

Grand Total: 90 creatures vanquished

Notes
Turn   | Place    | Note
-------+----------+-------------------------------------------
     0 | D:1      | FishyPogo the Gnoll Skald began the quest for the Orb.
     0 | D:1      | Reached XP level 1. HP: 20/20 MP: 6/6
   170 | D:1      | Reached XP level 2. HP: 26/26 MP: 7/7
   387 | D:1      | Learned a level 2 spell: Song of Slaying
   390 | D:1      | Learned a level 2 spell: Shroud of Golubria
  1176 | D:2      | Reached XP level 3. HP: 15/31 MP: 9/9
  1180 | D:2      | Reached skill level 5 in Spellcasting
  1419 | D:2      | Noticed Jessica
  1452 | D:3      | Reached skill level 1 in Invocations
  1458 | D:3      | Learned a level 3 spell: Regeneration
  1462 | D:3      | Learned a level 3 spell: Spectral Weapon
  1589 | D:5      | Entered Level 5 of the Dungeon
  1603 | D:4      | Noticed Sigmund
  1619 | D:4      | Killed Sigmund
  1619 | D:4      | Reached skill level 1 in Short Blades
  1619 | D:4      | Reached skill level 1 in Axes
  1619 | D:4      | Reached skill level 1 in Maces & Flails
  1619 | D:4      | Reached skill level 1 in Polearms
  1619 | D:4      | Reached skill level 1 in Staves
  1619 | D:4      | Reached skill level 1 in Slings
  1619 | D:4      | Reached skill level 1 in Bows
  1619 | D:4      | Reached skill level 1 in Crossbows
  1619 | D:4      | Reached skill level 1 in Throwing
  1619 | D:4      | Reached skill level 1 in Stealth
  1619 | D:4      | Reached skill level 1 in Shields
  1619 | D:4      | Reached skill level 1 in Unarmed Combat
  1619 | D:4      | Reached skill level 1 in Conjurations
  1619 | D:4      | Reached skill level 1 in Hexes
  1619 | D:4      | Reached skill level 1 in Summonings
  1619 | D:4      | Reached skill level 1 in Necromancy
  1619 | D:4      | Reached skill level 1 in Translocations
  1619 | D:4      | Reached skill level 1 in Transmutations
  1619 | D:4      | Reached skill level 1 in Fire Magic
  1619 | D:4      | Reached skill level 1 in Ice Magic
  1619 | D:4      | Reached skill level 1 in Air Magic
  1619 | D:4      | Reached skill level 1 in Earth Magic
  1619 | D:4      | Reached skill level 1 in Poison Magic
  1619 | D:4      | Reached skill level 1 in Evocations
  1619 | D:4      | Reached XP level 4. HP: 36/38 MP: 0/11
  1619 | D:4      | Reached XP level 5. HP: 40/43 MP: 0/12
  2014 | D:3      | Noticed yafkata's ghost (amateur MiBe)
  2019 | D:3      | Found a runed translucent door.
  2032 | D:3      | Reached XP level 6. HP: 48/50 MP: 10/13
  2146 | D:3      | Found a sparkling altar of Nemelex Xobeh.
  2150 | D:3      | Became a worshipper of Nemelex Xobeh the Trickster
  2395 | D:2      | Received a gift from Nemelex Xobeh
  2439 | D:2      | Found a faded altar of an unknown god.
  2586 | D:2      | Killed Jessica
  2994 | D:3      | Reached skill level 5 in Fighting
  2994 | D:3      | Reached skill level 5 in Long Blades
  2994 | D:3      | Reached skill level 5 in Dodging
  3014 | D:3      | Found a glowing silver altar of Zin.
  3247 | D:5      | Reached * piety under Nemelex Xobeh
  3297 | D:5      | Noticed a phantom
  3350 | D:5      | Killed a phantom
  3350 | D:5      | Reached XP level 7. HP: 25/56 MP: 4/15
  3417 | D:5      | Received a gift from Nemelex Xobeh
  3910 | D:6      | Noticed Grinder
  3975 | D:5      | HP: 2/56 [poisoned by a killer bee]
  4159 | D:6      | HP: 1/56 [Grinder (3)]
  4160 | D:6      | Killed Grinder
  4160 | D:6      | Reached XP level 8. HP: 1/63 MP: 1/16
  4166 | D:5      | HP: 1/63 [orc/+0 hand axe (1)]
  4370 | D:5      | Mangled by an orc warrior

Levels and vault maps discovered:
D:1:      onia_arrival_handbag, layout_basic, serial_co_window_serial,
          co_window_of_opportunity_a, co_window_of_opportunity_a,
          co_window_paths_a, co_window_paths_a, co_window_corner_a,
          co_window_corner_a, co_window_cross_1, co_window_of_opportunity_a,
          co_window_corner_a, co_window_paths_c, co_window_cross_3,
          co_window_broadway_b, co_window_of_opportunity_c, glass_columns_b
D:2:      layout_loops_ring, chequers_ecumenical_altar_twisty, uniq_jessica
D:3:      layout_basic, lemuel_crystal_altar, hellmonk_ghost_happy_afterlife,
          nemelex_dance_club_becter
D:4:      layout_basic, first_ration, uniq_sigmund
D:5:      layout_cave_pools, serial_column_ruins, column_ruins_hut_pillars,
          column_ruins_open_tiny_water, column_ruins_grid_3,
          column_ruins_open_small, column_ruins_open_large,
          column_ruins_open_tiny, column_ruins_grid_4, column_ruins_open_tiny,
          kennysheep_generic_room_16
D:6:      layout_cave_pools, serial_shops, shop_scrolls,
          kennysheep_another_room, fountainhead, uniq_grinder,
          uniq_crazy_yiuf_cottage

Skill      XL: |  1  2  3  4  5  6  7 |
---------------+----------------------+-----
Spellcasting   | 5 |  5.8
Invocations    | 1 2 3 |  3.1
Short Blades   | 1 2 |  2.8
Axes           | 1 2 |  2.8
Maces & Flails | 1 2 |  2.8
Polearms       | 1 2 |  2.8
Staves         | 1 2 |  2.8
Slings         | 1 2 |  2.8
Bows           | 1 2 |  2.8
Crossbows      | 1 2 |  2.8
Throwing       | 1 2 |  2.8
Armour         | 3 |  3.8
Stealth        | 1 2 |  2.8
Shields        | 1 2 |  2.8
Unarmed Combat | 1 2 |  2.8
Conjurations   | 1 2 |  2.2
Hexes          | 1 2 |  2.2
Summonings     | 1 2 |  2.2
Necromancy     | 1 2 |  2.2
Translocations | 1 2 |  2.2
Transmutations | 1 2 |  2.2
Fire Magic     | 1 2 |  2.2
Ice Magic      | 1 2 |  2.2
Air Magic      | 1 2 |  2.2
Earth Magic    | 1 2 |  2.2
Poison Magic   | 1 2 |  2.2
Evocations     | 1 2 |  2.8
Fighting       | 5 |  5.4
Long Blades    | 5 |  5.4
Dodging        | 5 |  5.4
Charms         | |  5.9

Action                   |  1- 3 |  4- 6 |  7- 9 || total
-------------------------+-------+-------+-------++-------
Melee: Falchion          |    97 |   191 |   122 ||   410
       Bite              |    13 |    35 |    19 ||    67
       Punch             |       |     2 |       ||     2
 Cast: Shroud of Golubri |    10 |     3 |     6 ||    19
       Infusion          |     2 |       |       ||     2
       Regeneration      |     1 |     9 |     9 ||    19
       Spectral Weapon   |       |       |     3 ||     3
 Abil: Draw Destruction  |       |       |     1 ||     1
 Stab: Sleeping          |     2 |     2 |     1 ||     5
  Eat: Chunk             |     2 |     7 |     5 ||    14
Armor: Leather armour    |    14 |    38 |    10 ||    62
Dodge: Dodged            |    73 |   141 |    90 ||   304
Block: Buckler           |       |       |    26 ||    26
       Rpst.: Falchion   |    27 |    50 |    28 ||   105
